 Dungeon Crawl Stone Soup version 0.18-a0-1577-gf591c28 (webtiles) character file.

108 poirepourri the Chiller (level 4, -5/30 HPs)
             Began as a Merfolk Ice Elementalist on Mar 17, 2016.
             Slain by poirepourri's ghost (12 damage)
             ... on level 3 of the Dungeon.
             The game lasted 00:07:05 (3167 turns).

poirepourri the Chiller (Merfolk Ice Elementalist)  Turns: 3167, Time: 00:07:05

Health: -5/30      AC:  2    Str:  8    XL:     4   Next: 87%
Magic:  1/8        EV: 14    Int: 14    God:
Gold:   101        SH:  0    Dex: 15    Spells: 3 memorised, 2 levels left

rFire  . . .     SeeInvis .     i - +0 spear
rCold  . . .     Gourm    .     a - +0 robe
rNeg   . . .     Faith    .     (no shield)
rPois  .         Spirit   .     (no helmet)
rElec  .         Dismiss  .     (no cloak)
rCorr  .         Reflect  .     (no gloves)
SustAt .         Harm     .     (no boots)
MR     .....                    (no amulet)
Stlth  ++........               (no ring)
                                (no ring)

@: very slightly contaminated, not resistant to hostile enchantments, unstealthy
A: change form in water, swift swim
a: no special abilities


You were on level 3 of the Dungeon.
You were not hungry.

You visited 1 branch of the dungeon, and saw 3 of its levels.

You collected 101 gold pieces.

Inventory:

Hand Weapons
 i - a +0 spear (weapon)
Armour
 a - a +0 robe (worn)
Wands
 k - a wand of enslavement (15/24)
Scrolls
 d - 3 scrolls of identify
 e - a scroll of random uselessness
 h - 3 scrolls of recharging
 n - a scroll of noise {unknown}
 s - a scroll of remove curse
Potions
 f - a potion of ambrosia
 j - a potion of cure mutation
 m - a potion of cancellation
 p - a potion of heal wounds {unknown}
 q - a potion of mutation {unknown}
 r - a potion of brilliance {unknown}
Books
 b - a book of Frost

   Spells                             Type                      Level
   a - Freeze                         Ice                          1
   b - Throw Frost                    Conjuration/Ice              2
   c - Ozocubu's Armour               Charms/Ice                   3
   d - Throw Icicle                   Conjuration/Ice              4
   e - Summon Ice Beast               Ice/Summoning                4
 l - a Young Poisoner's Handbook

   Spells                             Type                      Level
   a - Sting                          Conjuration/Poison           1
   b - Cure Poison                    Poison                       2
   c - Mephitic Cloud                 Conjuration/Poison/Air       3
   d - Olgreb's Toxic Radiance        Poison                       4
   e - Venom Bolt                     Conjuration/Poison           5
Comestibles
 c - 3 bread rations
 g - 7 fruits
 o - a meat ration


   Skills:
 + Level 1.1 Polearms
 + Level 4.1 Dodging
 + Level 2.5 Stealth
 + Level 2.7 Spellcasting
 + Level 0.7 Conjurations
 + Level 4.3 Ice Magic


You had 2 spell levels left.
You knew the following spells:

 Your Spells              Type           Power        Failure   Level  Hunger
a - Freeze                Ice            ##..         3%          1    #......
b - Ozocubu's Armour      Chrm/Ice       #.......     30%         3    ###....
c - Throw Frost           Conj/Ice       #.....       14%         2    ###....


Dungeon Overview and Level Annotations

Branches:
Dungeon (3/15)

Altars:
Nemelex Xobeh
Sif Muna

Annotations:
D:3 poirepourri's ghost, amateur GrFi


Message History

Poirepourri's ghost hits you!
Casting: Freeze
Confirm with . or Enter, or press ? or * to list all spells.
Aiming: Freeze
Press: ? - help, Shift-Dir - straight line, f/p - poirepourri's ghost
Aim: poirepourri's ghost (severely damaged)
You freeze poirepourri's ghost.
Poirepourri's ghost is almost destroyed.
Poirepourri's ghost misses you.
You hit poirepourri's ghost but do no damage.
Poirepourri's ghost is almost destroyed.
Poirepourri's ghost hits you.
You hit poirepourri's ghost but do no damage.
Poirepourri's ghost is almost destroyed.
Poirepourri's ghost hits you.
* * * LOW HITPOINT WARNING * * *
You hit poirepourri's ghost but do no damage.
Poirepourri's ghost is almost destroyed.
Poirepourri's ghost misses you. Poirepourri's ghost hits you!
You die...

#.##..### #
#...# # ##.###
#.#....####
#....#.....#
#..###.#.....#
##### ##
#........#
....#
#..#.....#
###.#
#@.#######
###.# #W.#
....# #†..#
##### .#.[#
#.#..# #. ...
#. .##. #. .#
.. #. .# ##


You could see poirepourri's ghost.

Vanquished Creatures
  2 adders
  An ooze (D:2)
  A worm (D:2)
  2 dart slugs
  A giant gecko (D:2)
  7 orcs
  A ball python (D:2)
  2 giant cockroaches
  7 goblins
  8 hobgoblins
  10 jackals
  3 kobolds
  2 quokkas
  8 bats
  4 giant newts
  6 rats
65 creatures vanquished.

Vanquished Creatures (others)
  4 toadstools (D:1)
4 creatures vanquished.

Grand Total: 69 creatures vanquished

Notes
Turn   | Place    | Note
--------------------------------------------------------------
     0 | D:1      | poirepourri the Merfolk Ice Elementalist began the quest for the Orb.
     0 | D:1      | Reached XP level 1. HP: 13/13 MP: 3/3
   244 | D:1      | Reached XP level 2. HP: 13/19 MP: 0/5
  1039 | D:1      | Reached XP level 3. HP: 24/24 MP: 3/6
  1500 | D:2      | Found a deep blue altar of Sif Muna.
  1668 | D:2      | Learned a level 3 spell: Ozocubu's Armour
  1671 | D:2      | Learned a level 2 spell: Throw Frost
  2030 | D:2      | Reached XP level 4. HP: 13/30 MP: 3/7
  2797 | D:3      | Reached skill level 1 in Polearms
  3095 | D:3      | Found a sparkling altar of Nemelex Xobeh.
  3154 | D:3      | Noticed poirepourri's ghost (amateur GrFi)
  3167 | D:3      | Slain by poirepourri's ghost

Vault maps used:
D:1:      ldierk_water_garden
D:2:      lemuel_crystal_altar, minmay_surrounded
D:3:      gammafunk_pakellas_statue_experiment, nemelex_deck, first_bread

Skill      XL: |  1  2  3  4 |
---------------+-------------+-----
Dodging        | 3 4 |  4.1
Ice Magic      | 4 |  4.3
Polearms       | 1 |  1.1
Stealth        | |  2.5
Spellcasting   | |  2.7
Conjurations   | |  0.7

Action                   |  1- 3 |  4- 6 || total
-------------------------+-------+-------++-------
Melee: Unarmed           |    13 |       ||    13
       Spear             |    22 |    62 ||    84
 Cast: Freeze            |    50 |    31 ||    81
       Ozocubu's Armour  |     1 |       ||     1
  Use: Scroll            |     5 |     5 ||    10
       Potion            |     1 |     2 ||     3
 Stab: Sleeping          |     3 |       ||     3
  Eat: Bread ration      |     1 |       ||     1
       Meat ration       |       |     1 ||     1
